 Dungeon Crawl Stone Soup version 0.29-a0-789-g7a8fcbc185 (webtiles) character file.

Game seed: 16386274819075614059

4499 kevlar127 the Grappler (level 10, 0/153 (157) HPs)
             Began as a Troll Berserker on July 3, 2022.
             Was an Elder of Trog.
             Slain by an orc warrior
             ... wielding a +0 hand axe
              (7 damage)
             ... on level 9 of the Dungeon.
             The game lasted 00:14:59 (8394 turns).

kevlar127 the Grappler (Troll Berserker)            Turns: 8394, Time: 00:15:00

HP:   0/153 (157)   AC: 12    Str: 31    XL:     10   Next: 16%
MP:   9/9           EV:  9    Int:  9    God:    Trog [****..]
Gold: 554           SH:  0    Dex:  9    Spells: 9/9 levels left

rFire   . . .      SeeInvis .     - Unarmed
rCold   . . .      Faith    .   (no shield)
rNeg    . . .      Spirit   .   L - +0 swamp dragon scales
rPois   +          Reflect  .   (helmet restricted)
rElec   .          Harm     .   w - +2 cloak
rCorr   +          Rampage  .   (gloves unavailable)
Will    ++...                   (boots unavailable)
Stlth   ..........              O - amulet of regeneration
HPRegen 2.95/turn               l - +6 ring of intelligence
MPRegen 0.11/turn               z - ring of resist corrosion

@: berserking, lethally poisoned (0 -> -1), strong-willed (expiring),
regenerating (expiring), lightly drained, very quick
A: large, unfitting armour, claws 3, regeneration 1, shaggy fur 1, tough skin 1
a: Renounce Religion, Berserk, Trog's Hand, Brothers in Arms


You were on level 9 of the Dungeon.
You worshipped Trog.
Trog was greatly pleased with you.
You visited 1 branch of the dungeon, and saw 9 of its levels.

You collected 554 gold pieces.

Inventory:

Missiles
 d - 100 stones
 n - 8 large rocks (quivered)
 x - 24 poisoned darts
 D - 9 boomerangs
 F - 5 javelins
 K - 2 throwing nets
 P - a curare-tipped dart
Armour
 w - a +2 cloak (worn)
 L - +0 swamp dragon scales (worn)
Jewellery
 l - a +6 ring of intelligence (left claw)
 m - an amulet of reflection
 q - a ring of ice
 s - an amulet of faith
 z - a ring of resist corrosion (right claw)
 O - an amulet of regeneration (around neck)
Wands
 h - a wand of paralysis (20)
 v - a wand of digging (7)
 B - a wand of light (5)
 C - a wand of roots (6)
 J - a wand of flame (21)
Scrolls
 a - a scroll of fog {unknown}
 j - 3 scrolls of vulnerability {unknown}
 k - 5 scrolls of identify {unknown}
 p - 2 scrolls of immolation {unknown}
 r - 2 scrolls of amnesia {unknown}
 t - 6 scrolls of noise {unknown}
 u - a scroll of poison {unknown}
 y - 2 scrolls of brand weapon {unknown}
 H - 3 scrolls of silence {unknown}
 I - a scroll of enchant armour {unknown}
 N - a scroll of torment {unknown}
 Q - 2 scrolls of magic mapping {unknown}
Potions
 b - 7 potions of curing
 c - 2 potions of heal wounds {unknown}
 e - 2 potions of attraction {unknown}
 f - 2 potions of lignification {unknown}
 g - 3 potions of mutation {unknown}
 i - 2 potions of brilliance {unknown}
 o - a potion of might {unknown}
 A - a potion of cancellation {unknown}
 E - a potion of experience {unknown}
 G - a potion of magic {unknown}
 M - a potion of flight {unknown}


   Skills:
 + Level 8.3 Fighting
 - Level 6.0 Throwing
 - Level 2.6 Dodging
 + Level 9.9 Unarmed Combat


You had 9 spell levels left.
You didn't know any spells.
Your spell library was empty.

Dungeon Overview and Level Annotations

Branches:
Dungeon (9/15)             Temple (0/1) D:6
   Lair: D:8-11         Orc: D:9-12

Altars:
Ashenzari
Cheibriados
Elyvilon
Gozag
Ru
Trog
Uskayaw
Yredelemnul

Shops:
D:3 (

Annotations:
D:9 Harold


Innate Abilities, Weirdness & Mutations

You are too large for most types of armour.
You have claws for hands.
Your natural rate of healing is unusually fast.
You are covered in fur. (AC +1)
You have tough skin. (AC +1)


Message History

Harold hits you with a +1 battleaxe of venom.
Unknown command.
You mangle Harold!!
Harold is heavily wounded.
You feel the effects of Trog's Hand fading.
You feel very sick.
An orc comes into view. It is wielding a +0 flail.
Harold hits you with a +1 battleaxe of venom!
The orc warrior hits you with a +0 hand axe.
The orc warrior hits you with a +0 hand axe!
* * * LOW HITPOINT WARNING * * *
An orc comes into view.
It is wielding a +4 short sword of holy wrath.
A red film seems to cover your vision as you go berserk!
You feel yourself moving faster!
You feel mighty!
You feel sick.
The orc shouts!
You hear a shout! x2
Harold hits you but does no damage.
The orc warrior hits you with a +0 hand axe.
* * * LOW HITPOINT WARNING * * *
The orc warrior hits you with a +0 hand axe!
* * * LOW HITPOINT WARNING * * *
An orc warrior comes into view. It is wielding a +0 war axe.
The orc warrior shouts!
You scratch Harold. You claw Harold.
Harold is heavily wounded.
You feel sick.
You hear a shout!
Harold misses you.
The orc warrior hits you with a +0 hand axe.
* * * LOW HITPOINT WARNING * * *
The orc warrior closely misses you.
You claw Harold!
Harold is heavily wounded.
You claw Harold!
Harold is severely wounded.
You feel sick.
Harold hits you with a +1 battleaxe of venom!
* * * LOW HITPOINT WARNING * * *
The orc warrior hits you but does no damage.
The orc warrior hits you with a +0 hand axe!
You die...

#.# #...# #.#
#)..# o #.## #...#
8'8## ####..##
#...#
.....##......##.
#....
.....o............
.....
..####............
##oo.≈....≈...
##@.........#
#@...≈≈....#
#....≈≈....#
...........
...≈....≈
#.........
#.........
#.....###.


You could see Harold, 3 orc warriors and an orc.

Vanquished Creatures
  A cyclops (D:7)
  Joseph (D:7)
  Maggie (D:7)
  5 yaks (D:8)
  A steam dragon (D:8)
  Menkaure (D:4)
  A water moccasin (D:5)
  2 orc warriors (D:8)
  2 ice beasts
  2 black bears
  A centaur (D:7)
  2 bullfrogs
  A kobold brigand (D:8)
  A scorpion (D:7)
  4 necrophages
  3 wights (D:8)
  4 killer bees (D:6)
  4 howler monkeys
  5 hounds
  4 orc priests
  Crazy Yiuf (D:3)
  A bouda (D:7)
  2 iguanas
  9 orc wizards
  Terence (D:3)
  Robin (D:4)
  4 gnolls (D:7)
  5 adders
  A shadow imp (D:7)
  3 white imps
  3 ufetubi (D:6)
  3 dart slugs
  24 orcs
  8 ball pythons
  10 endoplasms
  3 giant cockroaches
  19 goblins
  7 hobgoblins
  7 jackals
  9 kobolds
  3 quokkas
  2 bats (D:2)
  2 rats
174 creatures vanquished.

Vanquished Creatures (others)
  14 fungi (D:6)
14 creatures vanquished.

Grand Total: 188 creatures vanquished

Notes
Turn   | Place    | Note
-------+----------+-------------------------------------------
     0 | D:1      | kevlar127 the Troll Berserker began the quest for the Orb.
     0 | D:1      | Reached XP level 1. HP: 22/22 MP: 0/0
     2 | D:1      | Noticed a dwarf
     4 | D:1      | Noticed an octopode
     4 | D:1      | Noticed a spriggan
     6 | D:1      | Noticed a demonspawn
     8 | D:1      | Noticed a merfolk
     8 | D:1      | Noticed an elf
    10 | D:1      | Noticed a troll
    12 | D:1      | Noticed a vampire
    12 | D:1      | Noticed a vine stalker
    14 | D:1      | Noticed a human
    14 | D:1      | Noticed a draconian
    16 | D:1      | Noticed a formicid
    16 | D:1      | Noticed an ogre
    18 | D:1      | Noticed a naga
    18 | D:1      | Noticed a minotaur
    20 | D:1      | Noticed a gargoyle
    22 | D:1      | Noticed a felid
    24 | D:1      | Noticed a tengu
    24 | D:1      | Noticed a ghoul
    26 | D:1      | Noticed a demigod
   214 | D:1      | Reached XP level 2. HP: 25/28 MP: 1/1
   245 | D:1      | Found a faded altar of an unknown god.
  1167 | D:2      | Reached XP level 3. HP: 36/36 MP: 2/2
  1305 | D:2      | Reached ** piety under Trog
  1909 | D:3      | Found Kyruch's Antique Weapon Emporium.
  1977 | D:3      | Reached XP level 4. HP: 45/45 MP: 3/3
  1977 | D:3      | Noticed Terence
  1985 | D:3      | Killed Terence
  1986 | D:3      | Reached skill level 1 in Throwing
  1986 | D:3      | Reached skill level 4 in Unarmed Combat
  2001 | D:3      | Found a sacrificial altar of Ru.
  2314 | D:3      | Found a runed translucent door.
  2315 | D:3      | Noticed Crazy Yiuf
  2771 | D:3      | Killed Crazy Yiuf
  3048 | D:4      | Found a basalt altar of Yredelemnul.
  3085 | D:4      | Found an opulent altar of Gozag.
  3143 | D:4      | Noticed Menkaure
  3152 | D:4      | Killed Menkaure
  3153 | D:4      | Reached XP level 5. HP: 10/54 MP: 4/4
  3748 | D:4      | Reached XP level 6. HP: 61/62 MP: 5/5
  3751 | D:4      | Found a white marble altar of Elyvilon.
  3765 | D:4      | Noticed Robin
  3777 | D:4      | Killed Robin
  3790 | D:4      | Reached *** piety under Trog
  4190 | D:5      | Entered Level 5 of the Dungeon
  4192 | D:5      | Noticed a water moccasin
  4209 | D:5      | Killed a water moccasin
  4210 | D:5      | Reached skill level 5 in Unarmed Combat
  4341 | D:5      | Reached XP level 7. HP: 70/71 MP: 6/6
  5544 | D:6      | Reached skill level 5 in Fighting
  5544 | D:6      | Reached skill level 6 in Unarmed Combat
  5602 | D:6      | Reached XP level 8. HP: 78/80 MP: 7/7
  5694 | D:6      | Found a bloodstained altar of Trog.
  5865 | D:6      | Found a staircase to the Ecumenical Temple.
  5906 | D:6      | Found a snail-covered altar of Cheibriados.
  5906 | D:6      | Found a broken altar of Ashenzari.
  6182 | D:7      | Reached **** piety under Trog
  6202 | D:7      | Reached skill level 5 in Throwing
  6226 | D:7      | Reached skill level 7 in Unarmed Combat
  6337 | D:7      | Noticed a cyclops
  6346 | D:7      | Killed a cyclops
  6347 | D:7      | Reached XP level 9. HP: 67/89 MP: 8/8
  6475 | D:7      | Noticed Joseph
  6483 | D:7      | Killed Joseph
  6613 | D:7      | Identified the +1 leather armour "Ofuts" {rF- rC- Will+++
                  | Stlth+}
  6704 | D:7      | Reached skill level 8 in Unarmed Combat
  6752 | D:7      | Noticed Maggie
  6760 | D:7      | Killed Maggie
  7420 | D:8      | Reached skill level 9 in Unarmed Combat
  7434 | D:8      | Found a hide-covered altar of Uskayaw.
  7730 | D:8      | Reached XP level 10. HP: 59/104 MP: 9/9
  8379 | D:9      | Noticed Harold
  8394 | D:9      | HP: 7/153 [Harold/+1 battleaxe of venom (12)]
  8394 | D:9      | Slain by an orc warrior

Illustrated notes

Levels and vault maps discovered:
D:1:      kb_arrival_jail, layout_loops_cross,
          shapermc_ecumenical_altar_flowoftime, chequers_serial_rivers_room_b,
          feat_on_display
D:2:      layout_basic
D:3:      layout_basic, mainiacjoe_overflow_concentric_impassable, serial_shops,
          nicolae_shop_waterfront, kennysheep_generic_room_12, uniq_terence,
          uniq_crazy_yiuf_cottage
D:4:      layout_cave_pods, nicolae_gozag_seed_capital, elyvilon_altar_3,
          mainiacjoe_overflow_catwalk, chequers_serial_rivers_small_b,
          minmay_misc_feat_columns, kennysheep_generic_room_14, uniq_robin,
          uniq_menkaure
D:5:      layout_basic
D:6:      layout_basic, bloody_trog, gammafunk_temple_overflow_elements,
          minmay_temple_entry_glass, serial_aquarium,
          aquarium_bridge_long_joined [aquarium_subvault_window,
          aquarium_subvault_bridge, aquarium_subvault_bridge,
          aquarium_subvault_bridge, aquarium_subvault_wall,
          aquarium_subvault_bridge], aquarium_window_2, aquarium_window_corner,
          aquarium_window_1, aquarium_view_2f, aquarium_view_2d,
          aquarium_balcony_1b, aquarium_pool_double
D:7:      layout_loops_ring, hangedman_decor_growths, minmay_quadrilaterals,
          uniq_joseph, uniq_maggie
D:8:      layout_basic, eat_drink_and_be_merry_uskayaw
D:9:      layout_long_grid, david_orc_5, gammafunk_ghost_hive,
          minmay_misc_feat_tiny, skrybe_limestone_x, uniq_harold

Skill      XL: |  1  2  3  4  5  6  7  8  9 |
---------------+----------------------------+-----
Fighting       | 3 4 5 6 8 |  8.3
Throwing       | 2 3 4 5 6 |  6.0
Unarmed Combat | 4 5 6 7 9 |  9.9
Dodging        | |  2.6

Action                   |  1- 3 |  4- 6 |  7- 9 | 10-12 || total
-------------------------+-------+-------+-------+-------++-------
Melee: Unarmed           |    98 |   106 |   261 |    34 ||   499
       Punch             |       |     2 |    11 |     5 ||    18
Invok: Berserk           |       |     2 |     2 |     2 ||     6
       Trog's Hand       |       |     2 |     2 |     2 ||     6
  Use: Potion            |       |       |     1 |       ||     1
Armor: Animal skin       |    39 |    43 |    54 |       ||   136
       Swamp dragon scal |       |       |    13 |    24 ||    37
Dodge: Dodged            |    41 |    54 |    96 |    18 ||   209
Block: Other             |     4 |    25 |    59 |     8 ||    96
       Reflection        |       |     2 |     4 |       ||     6

Table legend: (Time is in decaauts)
 A = Elapsed time spent in this place.
 B = Non-inter-level travel time spent in this place.
 C = Inter-level travel time spent in this place.
 D = Time resting spent in this place.
 E = Time spent auto-exploring this place.
 F = Levels seen in this place.
 G = Mean time per level.
                   A        B        C        D        E       F      G
               +--------+--------+--------+--------+--------+-----+--------+
         Total |   8385 |   8226 |    159 |   1343 |   5840 |   9 |  931.7 |
       Dungeon |   8385 |   8226 |    159 |   1343 |   5840 |   9 |  931.7 |
               +--------+--------+--------+--------+--------+-----+--------+

Top non-repeatable levels by time:
     D:3: 1268 daAuts
     D:6: 1160 daAuts
     D:4: 1159 daAuts
     D:7: 1158 daAuts
     D:8: 996 daAuts
     D:2: 943 daAuts
     D:5: 824 daAuts
     D:1: 818 daAuts
     D:9: 57 daAuts
